 Dungeon Crawl Stone Soup version 0.24.0-13-gcf9b319 (webtiles) character file.

Game seed: 10548872320037911354, levelgen mode: deterministic

111946 unrecovered the Thaumaturge (level 16, -20/146 HPs)
             Began as a Naga Fire Elementalist on Apr 14, 2020.
             Was a High Priest of Cheibriados.
             Killed from afar by a deep elf knight (40 damage)
             ... with a stone arrow
             ... on level 1 of the Elven Halls.
             The game lasted 02:22:22 (30100 turns).

unrecovered the Thaumaturge (NaFE)                 Turns: 30100, Time: 02:22:22

Health: -20/146    AC: 26    Str: 25    XL:     16   Next: 59%
Magic:  37/42      EV: 25    Int: 38    God:    Cheibriados [*****.]
Gold:   1617       SH:  4    Dex: 34    Spells: 7/42 levels left

rFire    + + +     SeeInvis +   P - +7 great mace "Firestarter" {inner flame, rF++}
rCold    + . .     Gourm    .   (shield currently unavailable)
rNeg     . . .     Faith    .   S - +3 leather armour {rF+}
rPois    +         Spirit   .   (no helmet)
rElec    +         Reflect  +   E - +2 cloak {rC+}
rCorr    .         Harm     .   j - +2 pair of gloves {Dex+3}
MR       ++...                  b - +7 naga barding of Hadjma {rElec rC- Int+3 Dex+4}
Stlth    ++++......             d - +4 amulet of reflection
HPRegen  0.34/turn              L - ring of Bucokufu {*Slow rC+ MP+9 SInv}
MPRegen  0.28/turn              x - +6 ring of evasion

@: very slow
A: large, see invisible, deformed body, poison resistance, slowness 2, slow
metabolism 1, spit poison 1, constrict 1, AC +5
a: Spit Poison, Bend Time, Temporal Distortion, Slouch, Step From Time, Renounce
Religion


You were on level 1 of the Elven Halls.
You worshipped Cheibriados.
Cheibriados was extremely pleased with you.
You were very hungry.

You visited 5 branches of the dungeon, and saw 25 of its levels.
You also visited: Ice Cave.

You collected 3143 gold pieces.
You spent 1526 gold pieces at shops.

Inventory:

Hand Weapons
 u - a +4 demon trident of electrocution
 w - a +2 scimitar of holy wrath
 A - a +2 demon trident of flaming
 P - the +7 great mace "Firestarter" (weapon) {inner flame, rF++}
   (You found it on level 12 of the Dungeon)

   It has been specially enchanted to burn those struck by it, causing extra
   injury to most foes and up to half again as much damage against particularly
   susceptible opponents.
   It greatly protects you from fire.
Missiles
 l - 8 atropa-tipped darts (quivered)
 m - 456 arrows
Armour
 b - the +7 naga barding of Hadjma (worn) {rElec rC- Int+3 Dex+4}
   (You acquired it on level 1 of the Elven Halls)

   It affects your intelligence (+3).
   It affects your dexterity (+4).
   It makes you vulnerable to cold.
   It insulates you from electricity.
 j - a +2 pair of gloves of dexterity (worn)
 E - a +2 cloak of cold resistance (worn)
 M - a +0 naga barding
 Q - +1 steam dragon scales
 S - a +3 leather armour of fire resistance (worn)
Magical Staves
 k - an uncursed staff of cold
Jewellery
 d - a +4 amulet of reflection (around neck)
 x - a +6 ring of evasion (right hand)
 L - the ring of Bucokufu (left hand) {*Slow rC+ MP+9 SInv}
   (You bought it in a shop on level 2 of the Orcish Mines)

   [ring of magical power]

   It protects you from cold.
   It affects your magic capacity (+9).
   It lets you see invisible.
   It may slow you when you take damage.
 R - a +4 ring of intelligence
Wands
 a - a wand of disintegration (28)
 o - a wand of paralysis (21)
 v - a wand of flame (40)
 H - a wand of iceblast (74)
 I - a wand of polymorph (11)
Scrolls
 f - 11 scrolls of remove curse
 g - 3 scrolls of blinking
 i - 6 scrolls of teleportation
 p - a scroll of vulnerability
 r - 3 scrolls of magic mapping
 t - 2 scrolls of amnesia
 z - 5 scrolls of fear
 C - a scroll of enchant armour
 G - 3 scrolls of fog
 J - a scroll of immolation
 T - a scroll of torment {unknown}
Potions
 e - 3 potions of might
 h - 3 potions of ambrosia
 n - 5 potions of curing
 q - 2 potions of magic
 s - 4 potions of brilliance
 D - 7 potions of lignification
 K - 2 potions of cancellation
 N - a potion of mutation
Miscellaneous
 y - a box of beasts
Comestibles
 c - 43 rations


   Skills:
 - Level 10.0 Fighting
 + Level 2.1 Maces & Flails
 - Level 10.0 Dodging
 - Level 5.0 Stealth
 + Level 13.8 Spellcasting
 - Level 10.0 Conjurations
 - Level 5.0 Charms
 - Level 10.0 Fire Magic
 + Level 7.4 Air Magic
 - Level 13.0 Invocations


You had 7 spell levels left.
You knew the following spells:

 Your Spells              Type           Power        Failure   Level  Hunger
a - Flame Tongue          Conj/Fire      #####        1%          1    None
b - Throw Flame           Conj/Fire      ######       1%          2    None
c - Conjure Flame         Conj/Fire      #######.     1%          3    None
d - Sticky Flame          Conj/Fire      #######.     1%          4    None
e - Sticks to Snakes      Tmut           ####....     2%          2    None
f - Fireball              Conj/Fire      #######...   1%          5    None
g - Inner Flame           Hex/Fire       ######..     1%          3    None
h - Blink                 Tloc           N/A          2%          2    None
i - Stone Arrow           Conj/Erth      ######       1%          3    None
j - Deflect Missiles      Chrm/Air       ######....   19%         6    ##.....
k - Apportation           Tloc           ####..       1%          1    None
l - Lesser Beckoning      Tloc           ####......   4%          3    None

Your spell library contained the following spells:

 Spells                   Type           Power        Failure   Level  Hunger
 Animate Skeleton         Necr           N/A          1%          1    None
 Beastly Appendage        Tmut           ####..       1%          1    None
 Confusing Touch          Hex            ####..       1%          1    None
 Freeze                   Ice            ####         1%          1    None
 Pain                     Necr           ####         1%          1    None
 Sandblast                Erth           ####..       1%          1    None
 Summon Small Mammal      Summ           ####         1%          1    None
 Poisonous Vapours        Pois/Air       ######       1%          2    None
 Shroud of Golubria       Chrm/Tloc      #####.       1%          2    None
 Throw Frost              Conj/Ice       ######       1%          2    None
 Mephitic Cloud           Conj/Pois/Air  ######..     1%          3    None
 Ozocubu's Armour         Chrm/Ice       #####...     1%          3    None
 Regeneration             Chrm/Necr      #####.....   1%          3    None
 Throw Icicle             Conj/Ice       ######..     1%          4    None
 Call Imp                 Summ           ####....     2%          2    None
 Passwall                 Tmut/Erth      ####....     2%          2    None
 Summon Lightning Spire   Summ/Air       ######..     3%          4    None
 Call Canine Familiar     Summ           ####....     4%          3    None
 Confuse                  Hex            ####....     4%          3    None
 Gell's Gravitas          Tloc           ####......   4%          3    None
 Spider Form              Tmut/Pois      ####......   4%          3    None
 Summon Guardian Golem    Hex/Summ       ####....     4%          3    None
 Teleport Other           Tloc           ####....     4%          3    None
 Vampiric Draining        Necr           ####......   4%          3    None
 Conjure Ball Lightning   Conj/Air       #######...   7%          6    ##.....
 Silence                  Hex/Air        ######....   10%         5    None
 Animate Dead             Necr           N/A          16%         4    None
 Ice Form                 Ice/Tmut       ####....     16%         4    None
 Passage of Golubria      Tloc           N/A          16%         4    None
 Petrify                  Tmut/Erth      ####....     16%         4    None
 Summon Ice Beast         Ice/Summ       ####....     16%         4    None
 Freezing Cloud           Conj/Ice/Air   ######....   22%         6    ##.....
 Bolt of Cold             Conj/Ice       ######....   30%         6    ##.....
 Blade Hands              Tmut           ####......   41%         5    None
 Lee's Rapid Deconstruct  Erth           ####......   41%         5    None
 Metabolic Englaciation   Hex/Ice        ####......   41%         5    None
 Yara's Violent Unravell  Hex/Tmut       ####......   41%         5    None
 Ring of Flames           Chrm/Fire      ######....   52%         7    ####...
 Ozocubu's Refrigeration  Ice            ####......   94%         6    ##.....
 Simulacrum               Ice/Necr       ####......   94%         6    ##.....
 Tornado                  Air            ######....   100%        9    #######


Dungeon Overview and Level Annotations

Branches:
Dungeon (15/15)            Temple (1/1) D:4            Lair (6/6) D:9
 Shoals (0/4) Lair:4       Spider (0/4) Lair:3        Slime (0/5) Lair:5
    Orc (2/2) D:12            Elf (1/3) Orc:2        Vaults (0/5) D:13
 Depths (0/5) D:15          IceCv (visited)

Altars:
Ashenzari
Cheibriados
Dithmenos
Elyvilon
Fedhas
Gozag
Hepliaklqana
Kikubaaqudgha
Makhleb
Nemelex Xobeh
Okawaru
Qazlal
Ru
Sif Muna
Trog
Uskayaw
Vehumet
Wu Jian
Xom
Yredelemnul
Zin
Beogh
Jiyva

Shops:
D:6 *   D:8 (   D:11 =   D:13 [((!*   Orc:2 *([=

Portals:
Hell: Lair:6

Annotations:
Lair:2 2 transporters, SolCadguy's ghost, journeyman MiBe


Innate Abilities, Weirdness & Mutations

You cannot wear boots.
Your serpentine skin is tough. (AC +5)
You have supernaturally acute eyesight. (SInv)
Armour fits poorly on your strangely shaped body.
Your system is resistant to poisons. (rPois)
You cover ground very slowly.
You have a slow metabolism.
You can spit poison.
You can use your snake-like lower body to constrict enemies.


Message History

Cheibriados thoroughly appreciates the change of pace.
Your Maces & Flails skill increases to level 2!
You are feeling very hungry.
Cheibriados lowers the support of your attributes as your movement quickens.
The earth elemental hits you but does no damage.
The deep elf mage gestures wildly while chanting.
The deep elf mage blinks!
Unknown command.
You sock the deep elf high priest! You burn the deep elf high priest.
You kill the deep elf high priest!
Cheibriados thoroughly appreciates the change of pace.
The deep elf knight points at you and mumbles some strange words.
The stone arrow hits you!!!
* * * LOW HITPOINT WARNING * * *
The deep elf mage casts a spell.
The deep elf mage blinks!
The earth elemental hits you but does no damage.
The deep elf knight gestures at you while chanting.
The stone arrow hits you!!!
You die...

#.# #. #.#
#+########
#.#
##...#[....
#+#
#+.........
##$...%...#
#%..).....#
+....§§.§.#
#..%..).§.#.§
##...@§.e.E..
##'...E.#.#§.
# ##.##..)##
# ##.#
##.####+##
...# ##.##
##.# ##.##
...## ##.##
....###.##
.....#'##


You could see a deep elf knight and 2 earth elementals.

Vanquished Creatures
  A deep elf blademaster (Elf:1)
  Jorgrun (D:14)
  Frances (D:14)
  An orc warlord (Orc:2)
  Azrael (D:12)
  A deep elf death mage (Elf:1)
  2 fire dragons
  A deep elf high priest (Elf:1)
  4 vault guards (D:13)
  2 rakshasas (D:15)
  5 hydras
  Harold (Lair:2)
  A dancing weapon (Elf:1)
  5 two-headed ogres
  An ogre mage (D:13)
  A tengu warrior (D:15)
  7 orc high priests (Orc:2)
  4 death yaks (Lair:4)
  3 deep elf knights (Elf:1)
  A sun demon (Lair:6)
  2 unseen horrors
  A wizard (Lair:6)
  An orange crystal statue (Elf:1)
  A glowing orange brain (D:15)
  A lindwurm (Lair:6)
  4 deep elf archers
  A necromancer (IceCv)
  6 orc sorcerers
  5 orc knights
  6 ugly things
  2 manticores
  13 deep elf magi
  4 elephants
  2 cyclopes
  4 black mambas
  A molten gargoyle (Lair:4)
  Psyche (D:8)
  3 centaur zombies
  An ice statue (IceCv)
  A gargoyle (D:11)
  A smoke demon (Lair:6)
  3 centaur skeletons
  8 spiny frogs
  6 komodo dragons
  An orange demon (Lair:6)
  12 rime drakes (Lair:6)
  10 freezing wraiths (IceCv)
  2 ice devils (Lair:6)
  A queen bee (Lair:2)
  A tengu conjurer (D:15)
  2 red devils (Lair:6)
  3 meliai (D:13)
  4 trolls
  A tyrant leech (shapeshifter) (D:15)
  3 wolf spider simulacra (IceCv)
  19 blink frogs
  2 hornets
  5 dream sheep (Lair:5)
  3 slime creatures (D:15)
  11 hippogriffs
  3 air elementals (Elf:1)
  Sigmund (D:6)
  2 water elementals (Elf:1)
  3 shadows
  A tarantella (shapeshifter) (D:15)
  47 yaks
  A human (D:13)
  A wyvern (Lair:2)
  Eustachio (D:6)
  2 wraiths
  4 fire bats (D:12)
  4 fire elementals
  2 basilisks
  9 vampire mosquitoes
  10 steam dragons
  4 wargs
  Edmund (D:6)
  3 hungry ghosts
  2 soldier ants
  16 water moccasins
  A porcupine (shapeshifter) (D:15)
  8 hell hounds
  7 sky beasts
  12 porcupines
  31 orc warriors
  2 phantoms
  3 black bears (D:9)
  11 ice beasts
  3 eyes of draining
  2 necrophages
  12 ogres
  14 centaurs
  16 crocodiles
  3 big kobolds
  21 bullfrogs
  An earth elemental (Elf:1)
  A jelly (D:11)
  35 killer bees
  4 howler monkeys
  21 wights
  An electric eel (Lair:2)
  6 crimson imps
  4 draconian simulacra (IceCv)
  18 orc priests
  2 bullfrog zombies
  11 hounds
  3 bullfrog skeletons
  20 orc wizards
  Natasha (thrice) (D:2)
  4 iguanas
  A polar bear simulacrum (IceCv)
  13 worker ants
  6 hell rats (Lair:5)
  3 troll simulacra (IceCv)
  A killer bee zombie (D:10)
  4 spriggan simulacra (IceCv)
  6 centaur simulacra
  3 hound skeletons
  3 worker ant zombies
  6 gnolls
  A howler monkey skeleton (D:4)
  2 ogre simulacra (IceCv)
  18 adders
  3 naga simulacra (IceCv)
  5 shadow imps
  12 white imps (IceCv)
  An ooze (D:1)
  2 adder skeletons
  An adder zombie (D:8)
  2 worms (D:3)
  A dart slug (D:1)
  3 leopard geckos
  58 orcs
  2 ball pythons (D:4)
  5 giant cockroaches
  6 goblins
  14 hobgoblins
  16 jackals
  3 quokkas
  7 bats
  7 frilled lizards
  18 kobolds
  A leopard gecko skeleton (D:7)
  6 rats
  4 fungi
843 creatures vanquished.

Vanquished Creatures (collateral kills)
  2 elephants (Lair:4)
  A hippogriff (Lair:4)
  A crimson imp (D:5)
  2 jackals (D:6)
6 creatures vanquished.

Vanquished Creatures (others)
  A centaur (D:11)
  A bullfrog skeleton (D:12)
  30 fungi
  8 plants
40 creatures vanquished.

Grand Total: 889 creatures vanquished

Notes
Turn   | Place    | Note
-------+----------+-------------------------------------------
     0 | D:1      | unrecovered the Naga Fire Elementalist began the quest for
                  | the Orb.
     0 | D:1      | Reached XP level 1. HP: 15/15 MP: 3/3
    90 | D:1      | Reached XP level 2. HP: 22/22 MP: 1/5
    98 | D:1      | Learned a level 2 spell: Throw Flame
   617 | D:1      | You fall into a shaft and drop 1 floor!
   685 | D:2      | Noticed Natasha
   693 | D:2      | Killed Natasha
   693 | D:2      | Reached XP level 3. HP: 28/28 MP: 3/6
   698 | D:2      | Learned a level 3 spell: Conjure Flame
   862 | D:2      | Found a shimmering blue altar of Sif Muna.
   909 | D:2      | Reached XP level 4. HP: 13/36 MP: 0/7
  1151 | D:2      | Noticed Natasha
  1163 | D:2      | Killed Natasha
  1575 | D:1      | Reached XP level 5. HP: 37/42 MP: 4/8
  1860 | D:2      | Found a faded altar of an unknown god.
  1862 | D:2      | Noticed Natasha
  1868 | D:2      | Killed Natasha
  2094 | D:3      | Noticed an ogre
  2105 | D:3      | Killed an ogre
  2105 | D:3      | Reached skill level 5 in Stealth
  2105 | D:3      | Reached XP level 6. HP: 49/49 MP: 10/10
  2319 | D:3      | Found a white marble altar of Elyvilon.
  2329 | D:3      | Learned a level 4 spell: Sticky Flame
  2470 | D:3      | Found an opulent altar of Gozag.
  2957 | D:3      | Found a glowing silver altar of Zin.
  2961 | D:3      | Found a hazy altar of Hepliaklqana.
  3512 | D:4      | Reached XP level 7. HP: 45/55 MP: 12/12
  4044 | D:4      | Found a staircase to the Ecumenical Temple.
  4063 | Temple   | Entered the Ecumenical Temple
  4264 | Temple   | Became a worshipper of Cheibriados the Contemplative
  4387 | D:5      | Entered Level 5 of the Dungeon
  4632 | D:5      | Learned a level 2 spell: Sticks to Snakes
  4845 | D:5      | Found a shadowy altar of Dithmenos.
  4856 | D:5      | Reached skill level 5 in Fire Magic
  4979 | D:5      | Reached * piety under Cheibriados
  5106 | D:5      | Found a white marble altar of Elyvilon.
  5746 | D:6      | Reached XP level 8. HP: 47/62 MP: 14/14
  5811 | D:6      | Noticed Edmund
  5831 | D:6      | Killed Edmund
  6313 | D:6      | Reached skill level 5 in Conjurations
  6372 | D:6      | Reached skill level 5 in Spellcasting
  6419 | D:6      | Found a basalt altar of Yredelemnul.
  6462 | D:6      | Reached ** piety under Cheibriados
  6610 | D:6      | Found Huevvite's Assorted Antiques.
  6613 | D:6      | Bought a scroll labeled DANOXI XOLOZO for 17 gold pieces
  6613 | D:6      | Bought a cloak for 76 gold pieces
  6641 | D:6      | Reached XP level 9. HP: 68/68 MP: 16/16
  6701 | D:6      | Noticed Eustachio
  6708 | D:6      | Killed Eustachio
  6862 | D:6      | Noticed Sigmund
  6866 | D:6      | Killed Sigmund
  6866 | D:6      | Reached skill level 5 in Dodging
  7092 | D:7      | Learned a level 5 spell: Fireball
  7135 | D:7      | Reached skill level 1 in Invocations
  7295 | D:7      | Found a hide-covered altar of Uskayaw.
  7515 | D:7      | Reached *** piety under Cheibriados
  8129 | D:8      | Found Haidauwu's Antique Weapon Shoppe.
  8265 | D:8      | Reached XP level 10. HP: 55/75 MP: 18/19
  8555 | D:8      | Reached **** piety under Cheibriados
  8884 | D:8      | Noticed Psyche
  8895 | D:8      | Killed Psyche
  9552 | D:9      | Noticed a two-headed ogre
  9604 | D:9      | Found a staircase to the Lair.
  9618 | D:9      | Reached skill level 5 in Invocations
  9915 | D:9      | Found a bloodstained altar of Trog.
  9996 | D:9      | Killed a two-headed ogre
 10352 | D:9      | Reached XP level 11. HP: 81/81 MP: 17/22
 10361 | D:9      | Reached ***** piety under Cheibriados
 10635 | D:10     | Entered Level 10 of the Dungeon
 10664 | D:10     | Learned a level 3 spell: Inner Flame
 11009 | D:10     | Noticed a two-headed ogre
 11015 | D:10     | Killed a two-headed ogre
 11827 | Lair:1   | Entered Level 1 of the Lair of Beasts
 12565 | Lair:1   | Learned a level 2 spell: Blink
 12569 | Lair:1   | Learned a level 3 spell: Stone Arrow
 12858 | Lair:2   | Found a transporter.
 12873 | Lair:2   | Noticed SolCadguy's ghost (journeyman MiBe)
 12986 | Lair:2   | Reached ****** piety under Cheibriados
 13077 | Lair:2   | Reached XP level 12. HP: 88/88 MP: 12/24
 13078 | Lair:2   | Reached skill level 10 in Fire Magic
 13312 | Lair:2   | Noticed Harold
 13317 | Lair:2   | Killed Harold
 13505 | Lair:2   | Reached skill level 10 in Conjurations
 13735 | Lair:2   | Reached skill level 1 in Fighting
 13931 | Lair:2   | Found a transporter.
 14115 | Lair:3   | Found a hole to the Spider Nest.
 14222 | Lair:3   | Noticed a four-headed hydra
 14228 | Lair:3   | Killed a four-headed hydra
 14897 | Lair:4   | Noticed a death yak
 14898 | Lair:4   | Noticed a death yak
 14901 | Lair:4   | Noticed a death yak
 14903 | Lair:4   | Noticed a death yak
 14905 | Lair:4   | Killed a death yak
 14905 | Lair:4   | Killed a death yak
 14905 | Lair:4   | Killed a death yak
 14905 | Lair:4   | Reached skill level 10 in Spellcasting
 14907 | Lair:4   | Killed a death yak
 14920 | Lair:4   | Found a staircase to the Shoals.
 15186 | Lair:4   | Gained mutation: You can use your snake-like lower body to
                  | constrict enemies. [Naga growth]
 15186 | Lair:4   | Reached XP level 13. HP: 105/105 MP: 27/27
 15194 | Lair:4   | Reached skill level 10 in Invocations
 16149 | Lair:5   | Reached skill level 5 in Fighting
 16590 | Lair:5   | Found a viscous altar of Jiyva.
 16590 | Lair:5   | Found a staircase to the Slime Pits.
 16810 | Lair:6   | Entered Level 6 of the Lair of Beasts
 17546 | Lair:6   | Noticed a fire dragon
 17558 | Lair:6   | Killed a fire dragon
 17883 | Lair:6   | Found a hide-covered altar of Uskayaw.
 18250 | Lair:6   | Reached XP level 14. HP: 121/121 MP: 11/29
 19494 | Lair:6   | Found a burning altar of Makhleb.
 19499 | Lair:6   | Found a gateway to Hell.
 20223 | D:11     | Found a frozen archway.
 20236 | IceCv    | Entered an ice cave
 20914 | IceCv    | Found an ancient bone altar of Kikubaaqudgha.
 21297 | D:11     | You fall into a shaft and drop 3 floors!
 21584 | D:13     | Found Sorch's Armour Shop.
 21589 | D:13     | Found Olirghud's Antique Weapon Shop.
 21629 | D:13     | Found Xiycwiuh's Distillery.
 21634 | D:13     | Found Zeitt's Weapon Shop.
 21640 | D:13     | Bought a potion of cancellation for 120 gold pieces
 21640 | D:13     | Bought a potion of might for 60 gold pieces
 21640 | D:13     | Bought a potion of brilliance for 60 gold pieces
 21640 | D:13     | Bought a potion of heal wounds for 75 gold pieces
 21918 | D:11     | Found Agenurhi's Jewellery Emporium.
 22318 | D:12     | Noticed Azrael
 22334 | D:12     | Killed Azrael
 22344 | D:12     | Reached XP level 15. HP: 46/134 MP: 0/31
 22611 | D:12     | Found the +7 great mace "Firestarter" {inner flame, rF++}
 23392 | D:12     | Found a staircase to the Orcish Mines.
 23731 | D:13     | Found Marot's General Store.
 23734 | D:13     | Bought a +3 leather armour of fire resistance for 408 gold
                  | pieces
 23949 | D:13     | Learned a level 6 spell: Deflect Missiles
 24094 | D:13     | Learned a level 1 spell: Apportation
 24098 | D:13     | Learned a level 3 spell: Lesser Beckoning
 24103 | D:13     | Reached skill level 1 in Air Magic
 24685 | D:13     | Found a gate to the Vaults.
 25123 | D:14     | Noticed Frances
 25135 | D:14     | Killed Frances
 25624 | D:14     | Noticed Jorgrun
 25631 | D:14     | Killed Jorgrun
 26033 | D:15     | Entered Level 15 of the Dungeon
 26116 | D:15     | Reached skill level 10 in Fighting
 26141 | D:15     | Reached skill level 1 in Charms
 26395 | D:15     | Reached skill level 10 in Dodging
 27025 | D:15     | Found a shattered altar of Ashenzari.
 27360 | D:15     | Found a staircase to the Depths.
 27495 | Orc:1    | Entered Level 1 of the Orcish Mines
 27551 | Orc:1    | Found a roughly hewn altar of Beogh.
 27648 | Orc:1    | Reached XP level 16. HP: 135/146 MP: 32/33
 27654 | Orc:1    | Reached skill level 5 in Air Magic
 27958 | Orc:2    | Entered Level 2 of the Orcish Mines
 27997 | Orc:2    | Found Kyagof's Antique Weapon Shop.
 28607 | Orc:2    | Found Cojimag's General Store.
 28620 | Orc:2    | Bought a scroll of magic mapping for 52 gold pieces
 28620 | Orc:2    | Bought a scroll of brand weapon for 300 gold pieces
 28695 | Orc:2    | Found Kawatiqu's Jewellery Shop.
 28705 | Orc:2    | Bought the ring of Bucokufu {*Slow rC+ MP+9 SInv} for 358
                  | gold pieces
 28734 | Orc:2    | Found a staircase to the Elven Halls.
 28859 | Orc:2    | Found Qighacru's Antique Armour Shoppe.
 29131 | Elf:1    | Entered Level 1 of the Elven Halls
 29142 | Elf:1    | Reached skill level 5 in Charms
 29853 | Elf:1    | Identified a scroll of acquirement
 29855 | Elf:1    | Got a slimy naga barding
 29866 | Elf:1    | Identified the +7 naga barding of Hadjma {rElec rC- Int+3
                  | Dex+4} (You acquired it on level 1 of the Elven Halls)
 30089 | Elf:1    | Reached skill level 1 in Maces & Flails
 30093 | Elf:1    | Noticed a deep elf blademaster
 30099 | Elf:1    | Killed a deep elf blademaster
 30100 | Elf:1    | Killed from afar by a deep elf knight

Levels and vault maps discovered:
D:1:      giann_bridges, layout_basic, chequers_serial_rivers_small_a,
          minmay_indecisive_spiral
D:2:      layout_loops_ring, marbit_many_paths,
          chequers_ecumenical_altar_simple, uniq_natasha
D:3:      layout_loops_ring, minitemple, first_ration,
          chequers_serial_rivers_micro_a, grunt_gozag_breadcrumbs
D:4:      layout_gridville, minmay_temple_entry_tees
D:5:      layout_basic, basic_altar, lemuel_tele_altar
D:6:      layout_loops_ring, nicolae_overflow_crystal_walls, serial_shops,
          nicolae_shop_window_shopping, uniq_edmund, uniq_sigmund,
          uniq_eustachio
D:7:      layout_basic, old_standard_altar
D:8:      layout_basic, serial_shops, shop, blue_anna_alchemist
          [blue_anna_fruit_fields, blue_anna_fruit_fields], grunt_ministairs_1,
          uniq_psyche
D:9:      layout_basic, nicolae_overflow_hidden_temple, trog_ov_bears_minmay,
          due_lair_maze_entry_diamond
D:10:     layout_irregular_city
D:11:     layout_gridville, portal_ice_cave_entry_pillars_1, serial_shops,
          kennysheep_mini, nicolae_twisting_strands, serial_bayou_pond_a
D:12:     minmay_firetagon, layout_loops_ring, uniq_azrael
D:13:     layout_small_grid, grunt_vaults_entry_fortified, serial_shops,
          nicolae_shop_window_shopping, minmay_shop_grid_forest,
          grunt_ministairs_5, kennysheep_path_1, grunt_decor_mini_mirrors
D:14:     layout_layer_cave, minmay_misc_feat_secret_circle, uniq_jorgrun,
          uniq_frances
D:15:     gammafunk_enter_depths_forms, layout_small_grid,
          nicolae_ashenzari_panopticon
Temple:   eino_narrow_crystal_temple
Lair:1:   layout_big_grid, minmay_stone_trees_small, serial_bayou_pond_d,
          chequers_serial_rivers_micro_c, grunt_forest_stairs_basic,
          chequers_serial_rivers_micro_b, serial_bayou_shore_a,
          lemuel_fruit_tree
Lair:2:   layout_gridlike, special_room [special_room_bee],
          gammafunk_ghost_arena, minmay_holes, chequers_serial_rivers_micro_e,
          uniq_harold
Lair:3:   layout_long_grid, dummy_spider_entry, special_room
Lair:4:   layout_gridlike, shoals_dummy_entry
Lair:5:   layout_regular_city, slime_altar_1, chequers_serial_rivers_small_a,
          grunt_megastairs_1
Lair:6:   evil_forest, layout_regular_city, basic_altar,
          chequers_serial_rivers_room_b, chequers_serial_rivers_large_b,
          bobbens_dragon_lair_wall
Orc:1:    layout_caves, mines1_david
Orc:2:    grunt_orc_gardens, layout_caves, grunt_orc_garden, grunt_orc_garden,
          grunt_orc_garden, grunt_orc_garden
Elf:1:    minmay_elf_arrival_plus, layout_geoelf_grid, minivault_28,
          minivault_16, grunt_ministairs_14

Skill      XL: |  1  2  3  4  5  6  7  8  9 10 11 12 13 14 15 16 |
---------------+-------------------------------------------------+-----
Dodging        | 2 3 4 5 6 7 9 10 | 10.0
Stealth        | 4 5 |  5.0
Conjurations   | 2 3 4 5 6 8 9 10 | 10.0
Spellcasting   | 3 4 5 6 7 8 10 11 12 13 | 13.8
Fire Magic     | 4 5 6 7 8 9 10 | 10.0
Invocations    | 3 6 8 9 11 12 13 | 13.0
Fighting       | 4 6 8 10 | 10.0
Air Magic      | 4 7 |  7.4
Charms         | 3 5 |  5.0
Maces & Flails | 2 |  2.1

Action                   |  1- 3 |  4- 6 |  7- 9 | 10-12 | 13-15 | 16-18 || total
-------------------------+-------+-------+-------+-------+-------+-------++-------
Melee: Dagger            |     8 |    41 |    30 |       |       |       ||    79
       War axe           |       |       |    41 |    85 |    78 |       ||   204
       Constrict         |       |       |       |       |   104 |    26 ||   130
       Demon trident     |       |       |       |       |   137 |       ||   137
       Flail             |       |       |       |       |     7 |       ||     7
       Great mace        |       |       |       |       |   209 |   120 ||   329
Throw: Javelin           |       |     3 |     6 |     2 |     1 |       ||    12
       Dart              |       |       |       |     4 |     1 |       ||     5
       Throwing net      |       |       |       |       |     4 |       ||     4
 Cast: Flame Tongue      |    17 |    48 |   106 |    36 |     6 |     2 ||   215
       Throw Flame       |     7 |    43 |   108 |   107 |    64 |     8 ||   337
       Conjure Flame     |       |     3 |     4 |     4 |       |     1 ||    12
       Sticks to Snakes  |       |       |     5 |     7 |     2 |       ||    14
       Sticky Flame      |       |       |    12 |    19 |    16 |       ||    47
       Fireball          |       |       |     4 |    80 |   174 |    26 ||   284
       Stone Arrow       |       |       |       |    25 |    84 |    12 ||   121
       Inner Flame       |       |       |       |     3 |     2 |     1 ||     6
       Blink             |       |       |       |       |     2 |     3 ||     5
       Lesser Beckoning  |       |       |       |       |       |     5 ||     5
       Deflect Missiles  |       |       |       |       |       |     1 ||     1
Invok: Slouch            |       |       |       |     4 |    12 |     6 ||    22
       Step From Time    |       |       |       |       |     1 |       ||     1
 Abil: Spit Poison       |     9 |    21 |    13 |    18 |    10 |       ||    71
Evoke: Wand              |       |       |       |       |     1 |     1 ||     2
       Sack of spiders   |       |       |       |       |       |     2 ||     2
  Use: Potion            |     2 |       |       |       |    11 |     1 ||    14
       Scroll            |       |     5 |     4 |     6 |    22 |     4 ||    41
 Stab: Sleeping          |     3 |     8 |     2 |     4 |     9 |     3 ||    29
       Distracted        |       |     1 |       |       |     2 |       ||     3
       Held in net/web   |       |       |       |       |     2 |       ||     2
       Paralysed         |       |       |       |       |     1 |       ||     1
       Confused          |       |       |       |       |     1 |       ||     1
  Eat: Chunk             |     1 |    10 |    10 |    27 |    19 |     4 ||    71
       Ration            |       |       |     1 |       |     5 |       ||     6
Armor: Robe              |     5 |    15 |    48 |    31 |    12 |       ||   111
       Steam dragon scal |       |       |       |       |    96 |       ||    96
       Leather armour    |       |       |       |       |    86 |    43 ||   129
Dodge: Dodged            |    15 |    22 |   106 |   101 |   603 |   170 ||  1017
       Deflected         |       |       |       |     1 |     4 |     1 ||     6
Block: Other             |       |       |       |     3 |    71 |    24 ||    98
       Reflection        |       |       |       |       |     3 |     1 ||     4
